[Event "Team 45 45 League T44"]
[Site "Internet Chess Club"]
[Date "2010.02.13"]
[Round "2"]
[White "Giacometti"]
[Black "Salvatore"]
[Result "0-1"]
[WhiteElo "1725"]
[BlackElo "1708"]
[Opening "Bird: From gambit"]
[ECO "A02"]
[Time "19:00:07"]
[TimeControl "2700+45"]

1. f4 e5 2. fxe5 d6 3. exd6 Bxd6 4. Nf3 Nf6 5. d4 Nc6 6. c3 Bg4 7. Qd3 O-O 8.
Nbd2 Bh5 9. e4 Bg6 10. Qc2 Nd5 11. Nc4 Be7 12. Bd3 Nb6 13. Nce5 Nxe5 14. Nxe5
Bh5 15. O-O Nd7 16. Nxf7 Bxf7 17. Rxf7 c5 18. Rxf8+ Nxf8 19. d5 Bd6 20. Qf2 Ng6
21. Be3 b6 22. Rf1 Qc7 23. g3 Rf8 24. Qg2 Rxf1+ 25. Kxf1 Ne5 26. Bb1 Qf7+ 27.
Qf2 Qh5 28. Qe2 Qh3+ 29. Qg2 Qh5 30. Bf4 Qd1+ 31. Kf2 Qxb1 32. Bxe5 Qxb2+ 33.
Kg1 Qxg2+ 34. Kxg2 Bxe5 35. c4 Kf7 36. Kf3 Kf6 37. Kg4 g6 38. h3 h6 39. Kf3 Ke7
40. Kg4 Kd7 41. h4 Ke7 42. h5 Kf6 43. hxg6 Kxg6 44. Kf3 Kg5 45. a4 a5 46. Kf2
Kg4 47. Kg2 Bxg3 48. Kh1 h5 49. Kg2 h4 50. Kh1 Be5 51. Kg2 Kf4 52. Kh3 Kxe4 53.
Kxh4 Kd4 54. Kg5 Kxc4 55. Kf5 Kxd5 {White resigns} 0-1

[Event "Team 45 45 League T44"]
[Site "Internet Chess Club"]
[Date "2010.02.14"]
[Round "2"]
[White "Ernie1"]
[Black "DanMcClintic"]
[Result "1/2-1/2"]
[WhiteElo "1647"]
[BlackElo "1653"]
[Opening "King's Indian: Torre attack"]
[ECO "A48"]
[Time "20:00:11"]
[TimeControl "2700+45"]

1. d4 Nf6 2. Nf3 g6 3. Bg5 Bg7 4. e3 d6 5. Bb5+ Bd7 6. Bxf6 Bxf6 7. Bxd7+ Qxd7
8. c3 O-O 9. Nbd2 c5 10. Ne4 Qf5 11. Ng3 Qe6 12. Qb3 Qxb3 13. axb3 cxd4 14. Nxd4
Nc6 15. Nxc6 bxc6 16. Ra6 c5 17. Kd2 Rfb8 18. Kc2 Rb6 19. Rha1 Rxa6 20. Rxa6 Kf8
21. Ne4 Bg7 22. Nd2 Ke8 23. Nc4 d5 24. Nb6 Rd8 25. Rxa7 d4 26. Ra8 dxe3 27.
Rxd8+ Kxd8 28. fxe3 Kc7 29. Na4 Kc6 30. Kd3 f5 31. Kc4 Bh6 32. Nxc5 Bxe3 33. Nd3
Bg1 34. h3 Bh2 35. b4 e5 36. b5+ Kb6 37. Nb4 e4 38. Nd5+ Kb7 39. Ne3 Bg1 40. Nc2
Kb6 {Game drawn by mutual agreement} 1/2-1/2

[Event "Team 45 45 League T44"]
[Site "Internet Chess Club"]
[Date "2010.02.14"]
[Round "2"]
[White "BotanicalKnight"]
[Black "tryanything"]
[Result "1-0"]
[WhiteElo "1604"]
[BlackElo "1541"]
[Opening "Bishop's opening: Berlin defense"]
[ECO "C24"]
[Time "17:03:21"]
[TimeControl "2700+45"]

1. e4 e5 2. Bc4 Nf6 3. d3 Nc6 4. Nc3 d6 5. f4 exf4 6. Bxf4 Bg4 7. Nf3 Be7 8. h3
Be6 9. Bxe6 fxe6 10. g4 e5 11. Be3 O-O 12. O-O d5 13. exd5 Nxd5 14. Bd2 Nf4 15.
Kh2 Bd6 16. Ne4 Nd4 17. Nxd4 exd4 18. Nxd6 Qxd6 19. Bxf4 Rxf4 20. Rxf4 Qxf4+ 21.
Kg2 Re8 22. Qf3 Qd2+ 23. Kh1 c6 24. Rf1 {Black resigns} 1-0

[Event "Team 45 45 League T44"]
[Site "Internet Chess Club"]
[Date "2010.02.13"]
[Round "2"]
[White "smsxman"]
[Black "The-Capitalist"]
[Result "0-1"]
[WhiteElo "1422"]
[BlackElo "1378"]
[Opening "Caro-Kann defense"]
[ECO "B10"]
[Time "12:02:01"]
[TimeControl "2700+45"]

1. e4 c6 2. Nf3 d5 3. exd5 cxd5 4. d4 Nc6 5. Nc3 Nf6 6. Bf4 Ne4 7. Nb5 Nd6 8.
Nc3 Be6 9. Bb5 Qb6 10. a4 a6 11. a5 Qc7 12. Ba4 h6 13. O-O g5 14. Bg3 Bg7 15.
Ne5 O-O 16. Nxc6 bxc6 17. Bb3 Qd7 18. Na4 Qd8 19. Nb6 Rb8 20. Qe2 Bxd4 21. Qxa6
Bxb6 22. axb6 Qxb6 23. Qe2 Ra8 24. Bxd6 exd6 25. Qh5 Kg7 26. Kh1 Rxa1 27. Rxa1
Qxf2 28. Qd1 Rb8 29. Qd3 c5 30. Qa6 Rd8 31. Rf1 Qd4 32. Qe2 Qxb2 33. Qf3 Rf8 34.
Ba4 Ra8 35. Bc6 Ra1 36. Kg1 Qd4+ 37. Qf2 Qxf2+ 38. Kxf2 Rxf1+ 39. Kxf1 c4 40. g3
f5 41. Ke2 Kf6 42. Ke3 Ke5 43. c3 f4+ 44. gxf4+ gxf4+ 45. Kf3 h5 46. h4 Bg4+ 47.
Kf2 Ke4 {White resigns} 0-1

[Event "Team 45 45 League T44"]
[Site "Internet Chess Club"]
[Date "2010.02.12"]
[Round "2"]
[White "KingOfHearts"]
[Black "DrOMM"]
[Result "1-0"]
[WhiteElo "1286"]
[BlackElo "1312"]
[Opening "Caro-Kann: advance variation"]
[ECO "B12"]
[Time "16:02:42"]
[TimeControl "2700+45"]

1. e4 c6 2. d4 d5 3. e5 Bf5 4. Nf3 e6 5. a3 c5 6. c4 Nc6 7. Be2 cxd4 8. Nxd4
Nxd4 9. Qxd4 Ne7 10. O-O Nc6 11. Qd1 Nxe5 12. Re1 Be7 13. Nc3 d4 14. Nb5 Bc5 15.
b4 d3 16. bxc5 dxe2 17. Qxd8+ Kxd8 18. Nd6 Kc7 19. Bf4 f6 20. Rxe2 b6 21. Nb5+
Kc6 22. Bxe5 fxe5 23. cxb6 axb6 24. Rxe5 Rhd8 25. h3 Rd5 26. Rxd5 exd5 27. Nd4+
{Black resigns} 1-0

[Event "Team 45 45 League T44"]
[Site "Internet Chess Club"]
[Date "2010.02.14"]
[Round "2"]
[White "ars-felidae"]
[Black "kjs110"]
[Result "1-0"]
[WhiteElo "1327"]
[BlackElo "1109"]
[Opening "Caro-Kann: advance variation"]
[ECO "B12"]
[Time "12:01:20"]
[TimeControl "2700+45"]

1. e4 c6 2. d4 d5 3. e5 Bf5 4. Bd3 e6 5. Nf3 Bb4+ 6. c3 Ba5 7. Bg5 Ne7 8. Nbd2
O-O 9. Nb3 h6 10. Bh4 Bxd3 11. Qxd3 Bb6 12. O-O g5 13. Bxg5 hxg5 14. Nxg5 Nf5
15. f4 Kg7 16. g4 Rh8 17. gxf5 Rh4 18. fxe6 fxe6 19. Nxe6+ {Black resigns} 1-0

[Event "Team 45 45 League T44"]
[Site "Internet Chess Club"]
[Date "2010.02.13"]
[Round "2"]
[White "Zappy"]
[Black "chicopee-ed"]
[Result "1-0"]
[WhiteElo "1495"]
[BlackElo "1343"]
[Opening "Pirc: Ufimtsev-Pytel variation"]
[ECO "B07"]
[Time "10:01:35"]
[TimeControl "2700+45"]

1. e4 d6 2. d4 Nf6 3. Nc3 c6 4. Nf3 Bg4 5. Be2 e6 6. O-O Be7 7. h3 Bh5 8. e5
dxe5 9. dxe5 Nfd7 10. Nd4 Bxe2 11. Qxe2 O-O 12. Nf3 h6 13. Rd1 Qc7 14. Bf4 Na6
15. a3 Rfd8 16. Rd3 Ndc5 17. Rxd8+ Rxd8 18. Rd1 Rxd1+ 19. Qxd1 Qd8 20. Qxd8+
Bxd8 21. b4 Nd7 22. Ne4 Nc7 23. Nd6 b6 24. Nd4 Nb8 25. c4 c5 26. bxc5 bxc5 27.
Nb3 Nba6 28. Be3 Nb8 29. Nxc5 Nc6 30. Nd3 Kf8 31. Nc8 Be7 32. Nxe7 Kxe7 33. f4
f5 34. Nb4 Kd7 35. Nxc6 Kxc6 36. Bxa7 h5 37. Kf2 Na6 38. Kg3 Kb7 39. Be3 Kc6 40.
Kh4 Nc5 41. Bxc5 Kxc5 42. Kxh5 Kxc4 43. a4 Kb4 44. Kg6 Kxa4 45. Kxg7 {Black
resigns} 1-0

[Event "Team 45 45 League T44"]
[Site "Internet Chess Club"]
[Date "2010.02.12"]
[Round "2"]
[White "guyd52"]
[Black "zigzag2002"]
[Result "0-1"]
[WhiteElo "1320"]
[BlackElo "1387"]
[Opening "Réti opening"]
[ECO "A04"]
[Time "20:00:14"]
[TimeControl "2700+45"]

1. Nf3 Nc6 2. g3 Nf6 3. Bg2 e5 4. d3 d5 5. O-O Bd6 6. Nbd2 Be6 7. e4 d4 8. a3
O-O 9. b4 b5 10. Ng5 h6 11. Nxe6 fxe6 12. Nf3 a5 13. bxa5 Rxa5 14. Bb2 Kh7 15.
Qd2 Qa8 16. c3 Bc5 17. Bh3 Re8 18. Rfc1 Bb6 19. cxd4 Nxd4 20. Nxd4 exd4 21. Qb4
c6 22. Bxd4 Ra4 23. Qb3 Bxd4 24. Ra2 e5 25. Bf5+ Kh8 26. Qf7 Rf8 27. Qg6 b4 28.
Rac2 Qe8 29. axb4 Qxg6 30. Bxg6 Rxb4 31. Rxc6 Ng4 32. Rc8 Rb8 33. Bf5 Nxf2 34.
Kg2 Nxd3 35. R1c6 Rbxc8 36. Bxc8 Ne1+ 37. Kh3 Nf3 38. Bf5 Ng5+ 39. Kg2 Ra8 40.
h4 Ra2+ 41. Kf1 Rf2+ 42. Kg1 Nf3+ 43. Kh1 Rh2# {White checkmated} 0-1

[Event "Team 45 45 League T44"]
[Site "Internet Chess Club"]
[Date "2010.02.15"]
[Round "2"]
[White "Nosaj"]
[Black "wekabird"]
[Result "1/2-1/2"]
[WhiteElo "1401"]
[BlackElo "1252"]
[Opening "Caro-Kann: classical variation"]
[ECO "B18"]
[Time "19:00:07"]
[TimeControl "2700+45"]

1. e4 c6 2. d4 d5 3. Nc3 dxe4 4. Nxe4 Bf5 5. Bd3 Qxd4 6. Be3 Qd8 7. Nf3 Bxe4 8.
Bxe4 Qxd1+ 9. Rxd1 Nf6 10. Bf5 e6 11. Bg4 Be7 12. O-O Nbd7 13. Bh3 O-O-O 14.
Bxa7 b6 15. Nd4 Kb7 16. g3 Ra8 17. Bg2 Rhc8 18. Nxc6 Rxc6 19. Bxc6+ Kxc6 20.
Bxb6 Nxb6 21. Rd3 Rxa2 22. Rb1 Ra8 23. b4 Kb7 24. b5 Rc8 25. Ra1 Rxc2 26. Kg2
Nfd5 27. Rf3 f6 28. Rd3 Bc5 29. Kh3 Rxf2 30. Re1 e5 31. Re4 Rb2 32. Rg4 g5 33.
Re4 Rxb5 34. g4 Rb4 35. Rxb4 Bxb4 36. Kg3 Bd6 37. Kg2 Nf4+ 38. Kh1 Nxd3 39. h3
Nf4 40. Kh2 e4 41. h4 gxh4 42. g5 fxg5 43. Kh1 e3 44. Kg1 e2 45. Kh2 e1=Q {White
stalemated} 1/2-1/2

[Event "Team 45 45 League T44"]
[Site "Internet Chess Club"]
[Date "2010.02.14"]
[Round "2"]
[White "WilmaP"]
[Black "ryan2chess"]
[Result "0-1"]
[WhiteElo "1091"]
[BlackElo "1414"]
[Opening "Four knights: double Ruy Lopez"]
[ECO "C49"]
[Time "14:00:17"]
[TimeControl "2700+45"]

1. e4 e5 2. Nf3 Nf6 3. Nc3 Nc6 4. Bb5 Bb4 5. Nd5 Bc5 6. O-O O-O 7. Bd3 Re8 8. c3
a6 9. Re1 d6 10. Bc4 Ba7 11. d4 Na5 12. Bd3 exd4 13. cxd4 Bg4 14. Bg5 Bxf3 15.
Qxf3 Bxd4 16. Nxf6+ Bxf6 17. Bf4 Bxb2 18. Rab1 Bd4 19. Qg3 Qf6 20. Bg5 Bxf2+ 21.
Qxf2 Qxg5 22. Rb2 Qc5 23. Re3 d5 24. Rc2 Qb6 25. Rc1 dxe4 26. Bc2 h6 27. Rf1 Re7
28. Kh1 Nc4 29. Rxe4 Qxf2 30. Rxf2 Rxe4 31. Bxe4 Re8 32. Rf4 f5 33. Bd5+ Kh7 34.
h4 Nd6 35. Bb3 Re4 36. Rf1 Rxh4+ 37. Kg1 Kg6 38. Rc1 c6 39. Rd1 Nc4 40. Rd7 Na5
41. Bf7+ Kg5 42. Be6 g6 43. Rg7 Kf6 {White resigns} 0-1

[Event "Team 45 45 League T44"]
[Site "Internet Chess Club"]
[Date "2010.02.11"]
[Round "2"]
[White "SCUGrad"]
[Black "Tjet"]
[Result "1/2-1/2"]
[WhiteElo "1437"]
[BlackElo "1505"]
[Opening "Scandinavian (center counter) defense"]
[ECO "B01"]
[Time "20:05:36"]
[TimeControl "2700+45"]

1. e4 d5 2. exd5 Qxd5 3. Nc3 Qa5 4. d4 c6 5. Bf4 Nf6 6. Qd2 Bf5 7. h3 e6 8. a3
Be7 9. O-O-O Bxa3 10. bxa3 Qxa3+ 11. Kb1 Qb4+ 12. Kc1 Qa3+ 13. Kb1 Qb4+ 14. Kc1
Qa3+ 15. Kb1 Qb4+ {Game drawn by repetition} 1/2-1/2

[Event "Team 45 45 League T44"]
[Site "Internet Chess Club"]
[Date "2010.02.12"]
[Round "2"]
[White "BishopMike"]
[Black "AlPearson"]
[Result "1-0"]
[WhiteElo "1519"]
[BlackElo "1437"]
[Opening "Alekhine's defense: Scandinavian variation"]
[ECO "B02"]
[Time "10:08:45"]
[TimeControl "2700+45"]

1. e4 Nf6 2. Nc3 d5 3. exd5 Nxd5 4. Qf3 Nxc3 5. bxc3 Nc6 6. Bc4 Ne5 7. Qf4 Nxc4
8. Qxc4 b6 9. Nf3 Bb7 10. Qe2 e6 11. Bb2 Bd6 12. O-O a5 13. a4 O-O 14. Ba3 Re8
15. Bxd6 Qxd6 16. Rfe1 Re7 17. Nd4 h6 18. Nf5 Qc6 19. Nxe7+ {Black resigns} 1-0

[Event "Team 45 45 League T44"]
[Site "Internet Chess Club"]
[Date "2010.02.13"]
[Round "2"]
[White "TheronUAL"]
[Black "Visin"]
[Result "1/2-1/2"]
[WhiteElo "1529"]
[BlackElo "1317"]
[Opening "Four knights: Italian variation"]
[ECO "C47"]
[Time "10:07:50"]
[TimeControl "2700+45"]

1. e4 e5 2. Nc3 Nf6 3. Nf3 Nc6 4. Bc4 Be7 5. d3 d6 6. h3 Na5 7. Nd5 Nxc4 8. Nxe7
Qxe7 9. dxc4 Nxe4 10. Qd5 Nf6 11. Qb5+ c6 12. Qb3 O-O 13. Bg5 h6 14. Bh4 Be6 15.
Qc3 Rac8 16. O-O b5 17. b3 bxc4 18. bxc4 c5 19. Rfe1 Qd7 20. Bxf6 gxf6 21. Re4
Kh7 22. Rh4 Rg8 23. Qe3 Rg6 24. Nd2 f5 25. Rd1 Rcg8 26. Kh1 f4 27. Qd3 Qe7 28.
Nf3 Bd7 29. Qe4 Qf6 30. Rh5 Qe6 31. Nxe5 dxe5 32. Rxe5 Bc6 33. Rxe6 Bxe4 34.
Rxe4 Rxg2 35. Rxf4 R2g7 36. Rf5 Rc8 37. Rd7 Kg6 38. Rf3 Rb8 39. Rg3+ Kf6 40.
Rxa7 Rxg3 41. fxg3 Rb2 42. Ra6+ Kg7 43. Rc6 Rxa2 44. Rxc5 Rxc2 45. Rc8 Rc3 46.
Kg2 Kf6 47. c5 Ke6 48. Rc6+ Kd7 49. Rxh6 Rxc5 50. Rf6 Ke7 51. Ra6 Rc2+ 52. Kf3
Rc3+ 53. Kg4 Kf8 54. h4 Rc5 55. Rf6 Kg7 56. Rf5 Rc6 57. Rg5+ Kh6 58. Rf5 Rc4+
59. Kh3 Kg6 60. Rf4 Rc3 61. Kg2 Rc2+ 62. Kf1 f6 63. Ke1 Ra2 64. Rf2 Ra3 65. Rg2
f5 66. g4 fxg4 67. Rxg4+ Kh5 68. Rd4 Rh3 69. Rd8 Rxh4 70. Rh8+ Kg4 71. Rxh4+
Kxh4 {Game drawn because neither player has mating material} 1/2-1/2

[Event "Team 45 45 League T44"]
[Site "Internet Chess Club"]
[Date "2010.02.16"]
[Round "2"]
[White "katabatico"]
[Black "AtomicDog"]
[Result "0-1"]
[WhiteElo "1306"]
[BlackElo "1349"]
[Opening "Caro-Kann: classical, Spassky variation"]
[ECO "B18"]
[Time "13:00:38"]
[TimeControl "2700+45"]

1. e4 c6 2. d4 d5 3. Nc3 dxe4 4. Nxe4 Bf5 5. Ng3 Bg6 6. Nf3 Nd7 7. h4 h6 8. h5
Bh7 9. Bd3 Bxd3 10. Qxd3 e6 11. Bd2 Ngf6 12. O-O-O c5 13. Rhe1 Be7 14. Bc3 O-O
15. Rh1 Qc7 16. Kb1 c4 17. Qf1 Nd5 18. Bd2 c3 19. bxc3 Nxc3+ 20. Bxc3 Qxc3 21.
Rd3 Qa5 22. Rb3 Qc7 23. Ne4 Nf6 24. Nxf6+ Bxf6 25. g4 Rac8 26. Qd3 Rfd8 27. c3
Rd6 28. Rg1 Re8 29. g5 hxg5 30. Nxg5 Bxg5 31. Rxg5 e5 32. Qg3 f6 33. Rg6 exd4
34. f3 d3 35. Rxg7+ Qxg7 36. Qxd6 Qg1+ 37. Kb2 Re2+ 38. Ka3 Qc1+ 39. Kb4 a5+ 40.
Ka4 Rxa2+ 41. Kb5 Qg5+ 42. Kb6 Qe3+ 43. Qd4 Qxd4+ 44. cxd4 d2 45. Rb1 Rc2 46.
Rd1 a4 47. d5 Rb2+ 48. Kc7 a3 49. d6 Rc2+ 50. Kxb7 Rb2+ 51. Ka6 a2 52. d7 Rb8
53. h6 Rd8 54. Kb7 Rxd7+ 55. Kc6 Rd3 56. f4 Rf3 57. Rg1+ Kh7 {White resigns} 0-1

[Event "Team 45 45 League T44"]
[Site "Internet Chess Club"]
[Date "2010.02.15"]
[Round "2"]
[White "powerchess1"]
[Black "idjit"]
[Result "1-0"]
[WhiteElo "1742"]
[BlackElo "1680"]
[Opening "Queen's pawn, Mason variation"]
[ECO "D00"]
[Time "18:03:11"]
[TimeControl "2700+45"]

1. d4 d5 2. Bf4 Nf6 3. c3 e6 4. e3 c5 5. Bd3 Be7 6. Nf3 O-O 7. Nbd2 Nbd7 8. Qe2
Nh5 9. Bg3 Nxg3 10. hxg3 Nf6 11. e4 g6 12. e5 Nh5 13. Qe3 f5 14. exf6 Rxf6 15.
Ng5 Qf8 16. Nxh7 cxd4 17. Nxf6+ {Black resigns} 1-0

[Event "Team 45 45 League T44"]
[Site "Internet Chess Club"]
[Date "2010.02.13"]
[Round "2"]
[White "Berke"]
[Black "BotanicalKnight"]
[Result "1/2-1/2"]
[WhiteElo "1655"]
[BlackElo "1590"]
[Opening "Caro-Kann: Panov-Botvinnik attack"]
[ECO "B13"]
[Time "09:00:22"]
[TimeControl "2700+45"]

1. e4 c6 2. d4 d5 3. exd5 cxd5 4. c4 Nf6 5. Nc3 Nc6 6. Bf4 a6 7. Be2 dxc4 8. d5
e5 9. dxe6 Bxe6 10. a3 Be7 11. Nf3 h6 12. Qc2 b5 13. Rd1 Qb6 14. O-O O-O 15. Be3
Bc5 16. Bxc5 Qxc5 17. Ne4 Nxe4 18. Qxe4 Rfd8 19. Qc2 Qf5 {Game drawn by mutual
agreement} 1/2-1/2

[Event "Team 45 45 League T44"]
[Site "Internet Chess Club"]
[Date "2010.02.14"]
[Round "2"]
[White "ticopatzer"]
[Black "badmove"]
[Result "1-0"]
[WhiteElo "1626"]
[BlackElo "1798"]
[Opening "Two knights defense"]
[ECO "C56"]
[Time "15:00:30"]
[TimeControl "2700+45"]

1. e4 e5 2. Nf3 Nc6 3. Bc4 Nf6 4. d4 exd4 5. O-O Nxe4 6. Re1 d5 7. Bxd5 Qxd5 8.
Nc3 Qa5 9. Nxe4 Be6 10. Bd2 Qf5 11. Bg5 h6 12. Bh4 Bc5 13. Nxc5 Qxc5 14. Re4 g5
15. Bg3 O-O-O 16. Ne5 f5 17. Nd3 Qd5 18. Re1 f4 19. Bxf4 gxf4 20. Nxf4 Qf5 21.
Nxe6 Rd6 22. Qd3 Qf6 23. Qh3 Kb8 24. Nc5 Qg6 25. Qb3 Na5 26. Qb5 b6 27. Na6+ Kc8
28. Re7 c6 29. Qe5 Qf6 30. Re1 Qxe5 31. R1xe5 Rd7 32. Re8+ Rxe8 33. Rxe8+ Kb7
34. Nb4 c5 35. Nd3 c4 36. Ne5 Rd6 37. Re7+ Ka6 38. Kf1 d3 39. cxd3 cxd3 40. Ke1
Rd4 41. Kd2 Nc4+ 42. Nxc4 Rxc4 43. Kxd3 Rc1 44. Rh7 Rg1 45. Rxh6 Rxg2 46. Ke3
Rg5 47. f4 Rg2 48. f5 Rxb2 49. f6 Rb5 50. Ke4 Rb4+ 51. Ke5 Rb2 52. f7 Re2+ 53.
Kf6 Rxa2 54. Ke7 Re2+ 55. Re6 Rf2 56. f8=Q Rxf8 57. Kxf8 Ka5 58. Re5+ Ka4 59. h4
b5 60. h5 b4 61. h6 b3 62. h7 b2 63. Re1 {Black resigns} 1-0

[Event "Team 45 45 League T44"]
[Site "Internet Chess Club"]
[Date "2010.02.15"]
[Round "2"]
[White "milesotoole"]
[Black "Sanriet"]
[Result "1/2-1/2"]
[WhiteElo "1408"]
[BlackElo "1465"]
[Opening "Sicilian: closed"]
[ECO "B23"]
[Time "10:05:42"]
[TimeControl "2700+45"]

1. e4 c5 2. Nc3 d6 3. f4 Nc6 4. Nf3 Nf6 5. Bb5 Bd7 6. O-O a6 7. Bxc6 Bxc6 8. Re1
g6 9. d3 Bg7 10. Re2 O-O 11. f5 Qb6 12. Qe1 Ng4 13. fxg6 fxg6 14. h3 Rxf3 15.
gxf3 c4+ 16. Kh1 Bxc3 17. Qxc3 Ne5 18. f4 Nf3 19. Rg2 Nh4 20. Qxc4+ Kg7 21. Qc3+
Kg8 22. Rg4 Nf5 23. Qb3+ Qxb3 24. axb3 Nd4 25. Bd2 Bd7 26. Rg3 Rc8 27. c4 Nxb3
28. Rd1 Nxd2 29. Rxd2 Rf8 30. Rf2 e5 31. f5 Rf6 32. Rfg2 Kf7 33. fxg6+ hxg6 34.
Kg1 b5 35. Rf2 bxc4 36. Rxf6+ Kxf6 37. dxc4 Bc6 38. Re3 a5 39. b3 Kg5 40. Kg2
Kf4 41. Rf3+ Kxe4 42. Rf6 Kd3+ 43. Kf2 Kc3 44. Rxd6 Be4 45. Ke3 Bf5 46. Rd5 Kxb3
47. Rxa5 Kxc4 48. Rxe5 Bxh3 49. Kf4 Bf5 50. Re7 Kd5 51. Re5+ Kd6 52. Re1 Kd5 53.
Re2 Kd4 54. Re1 Kd5 55. Re2 Kd4 56. Rd2+ Kc3 57. Ke3 Kc4 58. Rd8 g5 59. Rf8 Bh3
60. Rf7 g4 61. Ke4 Bg2+ 62. Ke3 Bh3 63. Ke4 Bg2+ 64. Ke3 Bh3 65. Rc7+ Kd5 {Game
drawn by mutual agreement} 1/2-1/2

[Event "Team 45 45 League T44"]
[Site "Internet Chess Club"]
[Date "2010.02.11"]
[Round "2"]
[White "pawnward"]
[Black "rubo"]
[Result "1/2-1/2"]
[WhiteElo "1573"]
[BlackElo "1858"]
[Opening "Caro-Kann: Tartakower (fantasy) variation"]
[ECO "B12"]
[Time "20:30:15"]
[TimeControl "2700+45"]

1. e4 c6 2. d4 d5 3. f3 dxe4 4. fxe4 e6 5. Nf3 Ne7 6. Nc3 Nd7 7. Bf4 Ng6 8. Bg3
Bb4 9. Qd3 Qa5 10. Be2 O-O 11. O-O Bxc3 12. Qxc3 Qxc3 13. bxc3 Nf6 14. Bd3 b6
15. Ne5 Bb7 16. Nxg6 hxg6 17. c4 Rac8 18. Be5 Nd7 19. Bd6 Rfe8 20. c5 b5 21. c3
e5 22. Rf2 f6 23. Raf1 a6 24. Bc2 {Game drawn by mutual agreement} 1/2-1/2

[Event "Team 45 45 League T44"]
[Site "Internet Chess Club"]
[Date "2010.02.13"]
[Round "2"]
[White "Portola"]
[Black "Manders"]
[Result "1-0"]
[WhiteElo "1805"]
[BlackElo "1572"]
[Opening "Four knights: Gunsberg variation"]
[ECO "C47"]
[Time "18:00:31"]
[TimeControl "2700+45"]

1. e4 e5 2. Nf3 Nf6 3. Nc3 Nc6 4. a3 Bc5 5. Bc4 O-O 6. O-O a6 7. d3 b5 8. Bb3
Bb7 9. Bg5 Be7 10. Qd2 d6 11. h3 Nd7 12. Nd5 Bxg5 13. Nxg5 h6 14. Nf3 Nc5 15.
Ba2 Kh8 16. Ne3 Ne7 17. Ng4 Ng8 18. Ne3 Bc8 19. Nf5 Bxf5 20. exf5 Qd7 21. g4
Rae8 22. b4 e4 23. Nh4 Nb7 24. Bd5 c6 25. Bxe4 d5 26. Bg2 Nf6 27. Rfe1 Rc8 28.
Re2 c5 29. Rae1 d4 30. Re7 {Black resigns} 1-0

[Event "Team 45 45 League T44"]
[Site "Internet Chess Club"]
[Date "2010.02.15"]
[Round "2"]
[White "john-beebs"]
[Black "g8wrb"]
[Result "0-1"]
[WhiteElo "1544"]
[BlackElo "1489"]
[Opening "French: exchange variation"]
[ECO "C01"]
[Time "15:10:09"]
[TimeControl "2700+45"]

1. e4 e6 2. d4 d5 3. exd5 exd5 4. Nc3 c6 5. Nf3 Bg4 6. h3 Bh5 7. Be2 Bb4 8. O-O
Ne7 9. Ne5 Bxe2 10. Qxe2 O-O 11. Qg4 Bd6 12. Re1 Bxe5 13. dxe5 Ng6 14. Qg3 Re8
15. Bg5 Qc7 16. e6 Qxg3 17. exf7+ Kxf7 18. fxg3 Nd7 19. Ne2 Re5 20. Bf4 Re4 21.
Bg5 Rae8 22. Rf1+ Kg8 23. Nc3 R4e5 24. Bd2 d4 25. Nd1 Rf8 26. Nf2 Re2 27. Be1
Rxc2 28. Nd3 c5 29. b3 b6 30. a4 Re2 31. a5 Re3 32. Rxf8+ Ndxf8 33. axb6 axb6
34. Rd1 Ne6 35. Nc1 Kf7 36. Kh2 Nc7 37. Bd2 Re4 38. Nd3 Ke6 39. Nf2 Re2 40. Ng4
h5 41. Nf2 Rxf2 42. Re1+ Kd5 {White resigns} 0-1

[Event "Team 45 45 League T44"]
[Site "Internet Chess Club"]
[Date "2010.02.13"]
[Round "2"]
[White "AtomicDog"]
[Black "nomad909"]
[Result "1-0"]
[WhiteElo "1310"]
[BlackElo "1408"]
[Opening "Sicilian: Najdorf"]
[ECO "B90"]
[Time "15:00:07"]
[TimeControl "2700+45"]

1. e4 c5 2. Nf3 d6 3. d4 cxd4 4. Nxd4 Nf6 5. Nc3 a6 6. f3 e5 7. Nb3 Be6 8. Nd5
Nxd5 9. exd5 Bf5 10. Bd3 Bxd3 11. Qxd3 Be7 12. Be3 O-O 13. O-O-O a5 14. a4 Na6
15. Kb1 Rc8 16. f4 Nb4 17. Qb5 Nxc2 18. Bb6 Qe8 19. Qxe8 Rfxe8 20. fxe5 Nb4 21.
Bxa5 Rc4 22. Rhe1 Kf8 23. Nd4 Nxd5 24. Nf5 Rc5 25. exd6 Bxd6 26. Rxe8+ Kxe8 27.
Nxd6+ Kd7 28. Nxb7 {Black resigns} 1-0

[Event "Team 45 45 League T44"]
[Site "Internet Chess Club"]
[Date "2010.02.13"]
[Round "2"]
[White "Paulkov"]
[Black "SlimeDog2"]
[Result "1-0"]
[WhiteElo "2109"]
[BlackElo "2125"]
[Opening "Petrov: classical attack, Marshall variation"]
[ECO "C42"]
[Time "20:00:38"]
[TimeControl "2700+45"]

1. e4 e5 2. Nf3 Nf6 3. Nxe5 d6 4. Nf3 Nxe4 5. d4 d5 6. Bd3 Bd6 7. O-O O-O 8. c4
c6 9. cxd5 cxd5 10. Nc3 Nxc3 11. bxc3 Bg4 12. Rb1 Nd7 13. h3 Bh5 14. Rb5 Nb6 15.
c4 Bxf3 16. Qxf3 dxc4 17. Bc2 Qd7 18. a4 Rfe8 19. Be3 Bc7 20. Rfb1 Qd6 21. Bxh7+
Kxh7 22. Qxf7 Qh2+ 23. Kf1 Be5 24. dxe5 Rf8 25. Qxb7 c3 26. Qe4+ Kg8 27. a5
{Black resigns} 1-0

[Event "Team 45 45 League T44"]
[Site "Internet Chess Club"]
[Date "2010.02.13"]
[Round "2"]
[White "ToffeePudding"]
[Black "chsrules88"]
[Result "1/2-1/2"]
[WhiteElo "2009"]
[BlackElo "2010"]
[Opening "Queen's pawn game, Chigorin variation"]
[ECO "D02"]
[Time "13:30:50"]
[TimeControl "2700+45"]

1. d4 d5 2. Nf3 Nc6 3. c4 Bg4 4. Nc3 Bxf3 5. gxf3 e6 6. Bf4 Bb4 7. e3 Nf6 8. Bd3
Nh5 9. Bg3 Nxg3 10. hxg3 e5 11. cxd5 exd4 12. dxc6 dxc3 13. Ke2 cxb2 14. Rb1
bxc6 15. Qa4 Bd6 16. Qxc6+ Kf8 17. Rxb2 g6 18. f4 Kg7 19. Rb5 Qf6 20. f5 Rab8
21. fxg6 Rxb5 22. Qxb5 fxg6 23. Qd7+ Qf7 24. Qxf7+ Kxf7 25. g4 h5 26. g5 Rb8 27.
Rb1 Rxb1 28. Bxb1 a5 {Game drawn by mutual agreement} 1/2-1/2

[Event "Team 45 45 League T44"]
[Site "Internet Chess Club"]
[Date "2010.02.12"]
[Round "2"]
[White "charles-allen"]
[Black "screamingeagle"]
[Result "0-1"]
[WhiteElo "1873"]
[BlackElo "2029"]
[Opening "French: exchange variation"]
[ECO "C01"]
[Time "18:36:24"]
[TimeControl "2700+45"]

1. e4 e6 2. d4 d5 3. exd5 exd5 4. c4 Bb4+ 5. Nc3 Nc6 6. Be3 Nf6 7. Bd3 Be6 8. c5
O-O 9. Ne2 b6 10. cxb6 axb6 11. O-O Ne7 12. a3 Bd6 13. Nb5 c5 14. Nxd6 Qxd6 15.
Re1 Ng6 16. f3 Nd7 17. Rc1 c4 18. Bb1 h5 19. Qd2 Rfe8 20. Nf4 Nxf4 21. Bxf4 Qc6
22. Rc3 b5 23. Rce3 Nb6 24. Qc2 g6 25. Qd2 Na4 26. Be5 Kh7 27. f4 f5 28. Qe2 c3
29. bxc3 Nxc3 30. Qc2 Rxa3 31. Rc1 b4 32. Qb2 Qa4 33. Bd6 Rb3 34. Bc2 Rxb2 35.
Bxa4 Nxa4 36. Rc7+ Kg8 37. Be5 Bf7 38. Rg3 Nc3 39. Rxg6+ Bxg6 40. Rg7+ Kf8 41.
Rxg6 Ne4 42. Bg7+ Kf7 {White resigns} 0-1